[ AOE2 MATCH · #506101696 ]
UnrankedTeutons vs Mongols
Player's team · LOSS
Rival team · WIN
[ REPLAY ANALYSIS · EXTRACTED FROM THE RECORDED GAME ]
Feudal
15:44
Castle
20:03
Imperial
—
| APM avg | 52.0 |
| APM peak | 98 |
| eAPM avg | 21.9 |
| Villagers / military | 95 / 14 |
Focus
⚔️ 29.7% · 🌾 70.3%
Knight ×11 · Scout Cavalry ×2 · Monk ×1
Feudal
12:16
Castle
21:06
Imperial
—
| APM avg | 42.9 |
| APM peak | 85 |
| eAPM avg | 18.0 |
| Villagers / military | 74 / 44 |
Focus
⚔️ 28.3% · 🌾 71.7%
Steppe Lancer ×30 · Monk ×3 · Archer ×3 · Militia ×3 · Battering Ram ×3 · Scout Cavalry ×2
Match map
Initial resources + every placement click. Lines = walls · curves = elevation contours. ◆ gold · ⬟ stone · ● berries · ✦ relic · ◌ wall gap
Your base· ✓ Closed at 20:03 · 68t walls · no gate
Ver.Zhang's base· Open — opponent sealed themselves in
Smoothed initial terrain · ◌ = detected wall gap · hover for details
Inputs per minute
— catorce - - Ver.Zhang
Build order — catorce
First 150 of 236 actions detected
| 0:00 | Queue | Villager (Male) |
| 0:00 | Queue | Villager (Male) |
| 0:01 | Queue | Villager (Male) |
| 0:01 | Queue | Villager (Male) |
| 0:02 | Build | House |
| 0:04 | Build | House |
| 1:15 | Research | Loom |
| 1:34 | Queue | Villager (Male) |
| 1:58 | Queue | Villager (Male) |
| 1:58 | Queue | Villager (Male) |
| 2:33 | Queue | Villager (Male) |
| 2:54 | Build | Palisade Wall |
| 3:00 | Build | Palisade Wall |
| 3:07 | Build | Palisade Wall |
| 3:11 | Build | Palisade Wall |
| 3:18 | Build | Palisade Wall |
| 3:20 | Build | Palisade Wall |
| 3:24 | Queue | Villager (Male) |
| 3:27 | Build | Palisade Wall |
| 3:33 | Build | Palisade Wall |
| 3:37 | Queue | Villager (Male) |
| 3:42 | Build | Palisade Wall |
| 3:47 | Build | Palisade Wall |
| 3:50 | Build | Palisade Wall |
| 4:02 | Build | Palisade Wall |
| 4:17 | Queue | Villager (Male) |
| 4:19 | Build | House |
| 4:31 | Queue | Villager (Male) |
| 5:08 | Queue | Villager (Male) |
| 5:08 | Queue | Villager (Male) |
| 5:17 | Build | House |
| 5:32 | Queue | Villager (Male) |
| 5:43 | Build | House |
| 5:57 | Queue | Villager (Male) |
| 6:26 | Build | Palisade Wall |
| 6:35 | Queue | Villager (Male) |
| 6:35 | Queue | Villager (Male) |
| 6:45 | Build | Palisade Wall |
| 7:05 | Queue | Villager (Male) |
| 7:05 | Queue | Villager (Male) |
| 7:18 | Build | Palisade Wall |
| 7:21 | Build | Palisade Wall |
| 7:27 | Build | Palisade Wall |
| 7:31 | Build | Palisade Wall |
| 7:33 | Build | Palisade Wall |
| 7:34 | Build | Palisade Wall |
| 7:40 | Queue | Villager (Male) |
| 7:43 | Build | Palisade Wall |
| 8:03 | Queue | Villager (Male) |
| 8:03 | Queue | Villager (Male) |
| 8:05 | Build | Palisade Wall |
| 8:10 | Build | Palisade Wall |
| 8:12 | Queue | Villager (Male) |
| 8:20 | Build | Palisade Wall |
| 8:24 | Queue | Villager (Male) |
| 8:24 | Queue | Villager (Male) |
| 9:00 | Build | Palisade Wall |
| 9:27 | Build | Palisade Wall |
| 9:58 | Build | Mill |
| 10:08 | Queue | Villager (Male) |
| 10:15 | Queue | Villager (Male) |
| 10:28 | Queue | Villager (Male) |
| 10:57 | Build | House |
| 10:59 | Queue | Villager (Male) |
| 11:25 | Build | Lumber Camp |
| 11:31 | Build | House |
| 11:32 | Queue | Villager (Male) |
| 11:59 | Build | Farm |
| 11:59 | Queue | Villager (Male) |
| 12:24 | Build | Farm |
| 12:25 | Queue | Villager (Male) |
| 12:28 | Build | Farm |
| 12:46 | Build | Farm |
| 12:48 | Build | Farm |
| 13:07 | Queue | Villager (Male) |
| 13:09 | Build | Farm |
| 13:10 | Build | Farm |
| 13:18 | Build | Farm |
| 13:34 | Research | Feudal Age |
| 13:34 | Research | Feudal Age |
| 13:48 | Build | Outpost |
| 14:20 | Queue | Villager (Male) |
| 14:30 | Build | House |
| 15:03 | Build | Barracks |
| 15:16 | Build | Farm |
| 15:34 | Build | Mining Camp |
| 15:44 | Age | Feudal Age |
| 15:51 | Build | Market |
| 16:08 | Queue | Villager (Male) |
| 16:14 | Build | Blacksmith |
| 16:21 | Build | Watch Tower |
| 16:26 | Queue | Villager (Male) |
| 16:37 | Queue | Villager (Male) |
| 17:10 | Build | House |
| 17:23 | Research | Castle Age |
| 17:56 | Build | Palisade Wall |
| 18:12 | Build | House |
| 18:43 | Build | Barracks |
| 18:52 | Build | House |
| 18:58 | Research | Double-Bit Axe |
| 19:28 | Build | Stable |
| 19:47 | Queue | Villager (Male) |
| 20:03 | Age | Castle Age |
| 20:04 | Queue | Knight |
| 20:14 | Queue | Villager (Male) |
| 20:23 | Queue | Knight |
| 20:47 | Queue | Villager (Male) |
| 21:01 | Queue | Villager (Male) |
| 21:07 | Build | House |
| 21:15 | Queue | Knight |
| 21:33 | Queue | Villager (Male) |
| 21:33 | Queue | Villager (Male) |
| 21:36 | Build | Monastery |
| 21:38 | Build | House |
| 21:46 | Build | Farm |
| 21:47 | Build | Farm |
| 21:47 | Build | Farm |
| 22:05 | Queue | Knight |
| 22:05 | Queue | Knight |
| 22:10 | Build | Farm |
| 22:11 | Build | Farm |
| 22:35 | Build | Watch Tower |
| 22:37 | Queue | Villager (Male) |
| 22:52 | Build | Farm |
| 23:15 | Queue | Villager (Male) |
| 23:39 | Queue | Villager (Male) |
| 23:45 | Research | Fletching |
| 23:52 | Build | Town Center |
| 23:58 | Queue | Monk |
| 24:00 | Queue | Villager (Male) |
| 24:02 | Build | Palisade Wall |
| 24:19 | Queue | Villager (Male) |
| 24:35 | Build | University |
| 24:40 | Queue | Villager (Male) |
| 24:42 | Build | Watch Tower |
| 25:26 | Queue | Villager (Male) |
| 25:26 | Queue | Villager (Male) |
| 25:26 | Queue | Villager (Male) |
| 25:46 | Research | Guard Tower (upgrade) |
| 25:56 | Queue | Villager (Male) |
| 26:10 | Queue | Villager (Male) |
| 26:34 | Queue | Villager (Male) |
| 26:53 | Research | Ballistics |
| 27:18 | Build | Watch Tower |
| 27:29 | Queue | Villager (Male) |
| 27:31 | Queue | Villager (Male) |
| 27:49 | Research | Bodkin Arrow |
| 28:01 | Queue | Villager (Male) |
| 28:03 | Build | Farm |
| 28:04 | Build | Farm |
Build order — Ver.Zhang
First 150 of 211 actions detected
| 0:01 | Queue | Villager (Male) |
| 0:01 | Queue | Villager (Male) |
| 0:01 | Queue | Villager (Male) |
| 0:02 | Queue | Villager (Male) |
| 0:02 | Queue | Villager (Male) |
| 0:03 | Build | House |
| 0:04 | Build | House |
| 1:36 | Queue | Villager (Male) |
| 1:47 | Build | Lumber Camp |
| 2:08 | Queue | Villager (Male) |
| 2:08 | Queue | Villager (Male) |
| 2:33 | Queue | Villager (Male) |
| 3:07 | Queue | Villager (Male) |
| 3:35 | Research | Loom |
| 3:35 | Queue | Villager (Male) |
| 4:35 | Queue | Villager (Male) |
| 5:10 | Queue | Villager (Male) |
| 5:10 | Queue | Villager (Male) |
| 5:40 | Queue | Villager (Male) |
| 5:40 | Queue | Villager (Male) |
| 5:47 | Build | House |
| 6:05 | Build | Mill |
| 6:14 | Queue | Villager (Male) |
| 6:15 | Queue | Villager (Male) |
| 6:24 | Build | House |
| 6:46 | Queue | Villager (Male) |
| 6:47 | Queue | Villager (Male) |
| 7:31 | Queue | Villager (Male) |
| 7:32 | Queue | Villager (Male) |
| 7:32 | Queue | Villager (Male) |
| 7:55 | Build | Palisade Wall |
| 7:56 | Build | Palisade Wall |
| 8:06 | Queue | Villager (Male) |
| 8:18 | Queue | Villager (Male) |
| 8:28 | Queue | Villager (Male) |
| 9:06 | Build | House |
| 9:07 | Queue | Villager (Male) |
| 10:05 | Research | Feudal Age |
| 10:15 | Build | Mining Camp |
| 10:37 | Build | Barracks |
| 11:25 | Build | Mill |
| 11:49 | Queue | Villager (Male) |
| 11:53 | Queue | Militia |
| 11:53 | Queue | Militia |
| 11:53 | Queue | Militia |
| 12:16 | Age | Feudal Age |
| 12:19 | Research | Double-Bit Axe |
| 12:39 | Build | Archery Range |
| 12:43 | Queue | Villager (Male) |
| 12:55 | Build | House |
| 13:03 | Research | Man-at-Arms (upgrade) |
| 13:04 | Research | Arson |
| 13:09 | Queue | Villager (Male) |
| 13:28 | Queue | Villager (Male) |
| 13:37 | Build | Farm |
| 13:40 | Research | Horse Collar |
| 13:45 | Queue | Archer |
| 13:55 | Queue | Villager (Male) |
| 13:59 | Queue | Archer |
| 14:21 | Queue | Villager (Male) |
| 14:23 | Build | Farm |
| 14:35 | Queue | Archer |
| 14:57 | Queue | Villager (Male) |
| 15:01 | Build | House |
| 15:04 | Research | Wheelbarrow |
| 15:16 | Research | Arson |
| 15:29 | Research | Town Watch |
| 15:34 | Build | Farm |
| 15:36 | Build | Farm |
| 15:42 | Queue | Villager (Male) |
| 15:45 | Build | Farm |
| 15:50 | Build | Farm |
| 16:56 | Build | Farm |
| 16:57 | Build | Farm |
| 17:04 | Build | Farm |
| 17:05 | Build | Farm |
| 17:06 | Build | Farm |
| 17:08 | Queue | Villager (Male) |
| 17:27 | Build | Stable |
| 17:38 | Queue | Villager (Male) |
| 17:41 | Build | Farm |
| 17:42 | Build | Farm |
| 18:26 | Research | Castle Age |
| 18:38 | Build | House |
| 18:39 | Queue | Scout Cavalry |
| 19:08 | Research | Gold Mining |
| 19:37 | Build | House |
| 19:53 | Queue | Scout Cavalry |
| 20:19 | Build | Stable |
| 20:21 | Research | Bloodlines |
| 21:06 | Age | Castle Age |
| 21:10 | Queue | Steppe Lancer |
| 21:10 | Queue | Steppe Lancer |
| 21:15 | Queue | Steppe Lancer |
| 21:16 | Queue | Villager (Male) |
| 21:16 | Queue | Villager (Male) |
| 21:22 | Research | Bow Saw |
| 21:28 | Build | Farm |
| 21:54 | Queue | Steppe Lancer |
| 21:54 | Queue | Steppe Lancer |
| 21:54 | Queue | Villager (Male) |
| 22:07 | Build | Farm |
| 22:10 | Build | Farm |
| 22:14 | Build | Farm |
| 22:15 | Build | Farm |
| 22:16 | Build | Farm |
| 22:23 | Queue | Villager (Male) |
| 22:40 | Build | Blacksmith |
| 22:47 | Queue | Steppe Lancer |
| 22:47 | Queue | Steppe Lancer |
| 22:48 | Queue | Villager (Male) |
| 23:16 | Queue | Steppe Lancer |
| 23:18 | Research | Forging |
| 23:19 | Research | Scale Barding Armor |
| 23:39 | Queue | Steppe Lancer |
| 23:41 | Queue | Villager (Male) |
| 23:57 | Queue | Villager (Male) |
| 24:03 | Build | Lumber Camp |
| 24:07 | Build | Farm |
| 24:09 | Build | Farm |
| 24:10 | Build | Farm |
| 24:26 | Queue | Steppe Lancer |
| 24:26 | Queue | Steppe Lancer |
| 24:30 | Build | House |
| 24:44 | Queue | Villager (Male) |
| 24:52 | Build | Monastery |
| 25:20 | Queue | Steppe Lancer |
| 25:20 | Queue | Steppe Lancer |
| 25:20 | Queue | Villager (Male) |
| 25:21 | Queue | Villager (Male) |
| 25:39 | Queue | Steppe Lancer |
| 25:39 | Queue | Steppe Lancer |
| 25:40 | Queue | Villager (Male) |
| 25:41 | Queue | Villager (Male) |
| 25:45 | Build | House |
| 25:55 | Research | Husbandry |
| 26:12 | Queue | Steppe Lancer |
| 26:13 | Queue | Steppe Lancer |
| 26:13 | Queue | Villager (Male) |
| 26:29 | Queue | Monk |
| 26:29 | Queue | Monk |
| 26:30 | Queue | Villager (Male) |
| 26:36 | Build | Siege Workshop |
| 26:43 | Build | House |
| 26:44 | Build | House |
| 27:18 | Queue | Steppe Lancer |
| 27:19 | Queue | Steppe Lancer |
| 27:19 | Queue | Villager (Male) |
| 27:27 | Queue | Battering Ram |
| 27:27 | Queue | Battering Ram |
Match timeline
| 2:54 | catorce · wall_segment Palisade Wall x8 |
| 3:00 | catorce · wall_segment Palisade Wall x3 |
| 3:07 | catorce · wall_segment Palisade Wall x3 |
| 3:11 | catorce · wall_segment Palisade Wall x1 |
| 3:18 | catorce · wall_segment Palisade Wall x3 |
| 3:20 | catorce · wall_segment Palisade Wall x1 |
| 3:27 | catorce · wall_segment Palisade Wall x1 |
| 3:33 | catorce · wall_segment Palisade Wall x4 |
| 3:42 | catorce · wall_segment Palisade Wall x3 |
| 3:47 | catorce · wall_segment Palisade Wall x3 |
| 3:50 | catorce · wall_segment Palisade Wall x1 |
| 4:02 | catorce · wall_segment Palisade Wall x1 |
| 6:26 | catorce · wall_segment Palisade Wall x4 |
| 6:45 | catorce · wall_segment Palisade Wall x4 |
| 7:18 | catorce · wall_segment Palisade Wall x4 |
| 7:21 | catorce · wall_segment Palisade Wall x1 |
| 7:27 | catorce · wall_segment Palisade Wall x1 |
| 7:31 | catorce · wall_segment Palisade Wall x3 |
| 7:33 | catorce · wall_segment Palisade Wall x1 |
| 7:34 | catorce · wall_segment Palisade Wall x1 |
| 7:43 | catorce · wall_segment Palisade Wall x1 |
| 7:55 | Ver.Zhang · wall_segment Palisade Wall x1 |
| 7:56 | Ver.Zhang · wall_segment Palisade Wall x1 |
| 8:05 | catorce · wall_segment Palisade Wall x5 |
| 8:10 | catorce · wall_segment Palisade Wall x4 |
| 8:20 | catorce · wall_segment Palisade Wall x1 |
| 9:00 | catorce · wall_segment Palisade Wall x1 |
| 9:27 | catorce · wall_segment Palisade Wall x4 |
| 10:37 | Ver.Zhang · first_building Barracks |
| 12:16 | Ver.Zhang · age_up feudal |
| 12:39 | Ver.Zhang · first_building Archery Range |
| 15:03 | catorce · first_building Barracks |
| 15:44 | catorce · age_up feudal |
| 16:58 | catorce · first_market_sell 100 stone |
| 17:27 | Ver.Zhang · first_building Stable |
| 17:56 | catorce · wall_segment Palisade Wall x1 |
| 19:28 | catorce · first_building Stable |
| 20:03 | catorce · age_up castle |
| 21:06 | Ver.Zhang · age_up castle |
| 21:36 | catorce · first_building Monastery |
| 24:02 | catorce · wall_segment Palisade Wall x10 |
| 24:52 | Ver.Zhang · first_building Monastery |
| 26:36 | Ver.Zhang · first_building Siege Workshop |
| 29:06 | catorce · first_market_buy 100 food |
| 34:49 | catorce · resign |
[ AI ANALYSIS · 1 CREDIT ]
What really happened in this match?
Wolo.gg analyzes every decision: build order, eco, micro, common mistakes by bracket. Personalized analysis on WhatsApp or Discord in 30 seconds.
Civ guide
Teutons
Perfil
Jugador #3284705